 Dungeon Crawl Stone Soup version 0.26-b1-32-g5d43845318 (webtiles) character file.

Game seed: 12625848134296055102

147 jmlagarto the Poker (level 5, -1/55 HPs)
             Began as an Ogre Berserker on Jan 10, 2021.
             Was a Priest of Trog.
             Slain by a worm (4 damage)
             ... on level 3 of the Dungeon.
             The game lasted 00:09:03 (2907 turns).

jmlagarto the Poker (Ogre Berserker)                Turns: 2907, Time: 00:09:04

Health: -1/55      AC:  3    Str: 22    XL:     5   Next: 29%
Magic:  5/5        EV: 10    Int:  8    God:    Trog [***...]
Gold:   100        SH:  0    Dex:  8    Spells: 4/4 levels left

rFire    . . .     SeeInvis .   a - +0 spear
rCold    . . .     Faith    .   (no shield)
rNeg     . . .     Spirit   .   b - +0 animal skin
rPois    +         Reflect  .   (helmet restricted)
rElec    .         Harm     .   i - scarf {+Inv}
rCorr    .         Rampage  .   (gloves unavailable)
Will     .....                  (boots unavailable)
Stlth    +.........             (no amulet)
HPRegen  0.18/turn              h - ring of poison resistance
MPRegen  0.09/turn              (no ring)

@: berserk cooldown, slowed, very slow
A: large, unfitting armour, tough skin 1
a: Renounce Religion, Evoke Invisibility, Berserk, Trog's Hand


You were on level 3 of the Dungeon.
You worshipped Trog.
Trog was most pleased with you.
You visited 1 branch of the dungeon, and saw 3 of its levels.

You collected 100 gold pieces.

Inventory:

Hand Weapons
 a - a +0 spear (weapon)
 m - a cursed -2 hunting sling
Missiles
 e - 80 stones (quivered)
Armour
 b - a +0 animal skin (worn)
 i - a scarf of invisibility (worn)
Jewellery
 g - an uncursed ring of magical power
 h - a ring of poison resistance (left hand)
 p - an uncursed ring of ice
Scrolls
 c - 4 scrolls of remove curse
 d - a scroll of enchant armour {unknown}
 j - 2 scrolls of magic mapping {unknown}
 n - 3 scrolls of identify {unknown}
 o - a scroll of enchant weapon {unknown}
Potions
 f - a potion of cancellation
 k - 2 potions of attraction {unknown}
 l - a potion of brilliance {unknown}


   Skills:
 + Level 4.6 Fighting
 + Level 4.6 Polearms
 + Level 3.7 Dodging
 + Level 0.2 Stealth


You had 4 spell levels left.
You didn't know any spells.
Your spell library was empty.

Dungeon Overview and Level Annotations

Branches:
Dungeon (3/15)

Altars:
Ashenzari
Cheibriados
Qazlal
Xom
Zin


Innate Abilities, Weirdness & Mutations

You are too large for most types of armour.
You have tough skin. (AC +1)


Message History

Natasha screams in pain as she dies!
The white imp disappears in a puff of smoke!
Your life force feels restored.
You feel a strong urge to attack something.
You feel your anger nearly subside.
You are no longer berserk.
You are exhausted.
You feel yourself slow down.
Your skin stops crawling.
You feel less strong-willed. The worm barely misses you.
You barely miss the worm. The worm bites you.
* * * LOW HITPOINT WARNING * * *
You hit the worm.
The worm is lightly wounded.
The worm barely misses you.
You hit the worm.
The worm is heavily wounded.
You hit the worm.
The worm is severely wounded.
The worm bites you.
You die...

#####..#.###.......##
#..#.# #.......##
#..#.###########.
##..#.##...######.
##########.................
#.......##...####...######.
........##...# #...# #.
........##...# #...# #.
........##@..####...### #.
..?....5##w..#........####.
......).)((..(††)..........
....##..###..#....#......#.
. ##.# #..#....####...#.
#.. #..#########...#. ...
.... .....^.. .#.##..##
##....#÷ .. .##..# #....#.


You could see a worm.

Vanquished Creatures
  Natasha (D:3)
  5 adders (D:2)
  A worm (D:3)
  3 dart slugs
  2 leopard geckos (D:3)
  2 giant cockroaches
  9 hobgoblins
  5 jackals (D:3)
  2 quokkas (D:3)
  5 bats
  7 frilled lizards
  13 goblins
  7 kobolds
  3 rats
65 creatures vanquished.

Notes
Turn   | Place    | Note
-------+----------+-------------------------------------------
     0 | D:1      | jmlagarto the Ogre Berserker began the quest for the Orb.
     0 | D:1      | Reached XP level 1. HP: 24/24 MP: 1/1
   242 | D:1      | Reached XP level 2. HP: 27/32 MP: 2/2
  1080 | D:1      | Reached ** piety under Trog
  1081 | D:1      | Reached XP level 3. HP: 40/40 MP: 3/3
  1683 | D:2      | Reached XP level 4. HP: 3/49 MP: 4/4
  1689 | D:2      | HP: 2/49 [poisoned by an adder]
  1694 | D:2      | HP: 2/49 [poisoned by an adder]
  1700 | D:2      | HP: 1/49 [poisoned by an adder]
  1706 | D:2      | HP: 1/49 [poisoned by an adder]
  2481 | D:2      | Found a snail-covered altar of Cheibriados.
  2485 | D:2      | Found a shimmering altar of Xom.
  2488 | D:2      | Found a stormy altar of Qazlal.
  2588 | D:3      | Found a broken altar of Ashenzari.
  2591 | D:3      | Found a glowing silver altar of Zin.
  2771 | D:3      | Reached XP level 5. HP: 45/55 MP: 5/5
  2852 | D:3      | Reached *** piety under Trog
  2868 | D:3      | Noticed Natasha
  2896 | D:3      | HP: 2/81 [Natasha/magic dart (9)]
  2898 | D:3      | Killed Natasha
  2904 | D:3      | HP: 2/55 [worm (3)]
  2907 | D:3      | Slain by a worm

Illustrated notes

Levels and vault maps discovered:
D:1:      lightli_arrival_flooded_house, layout_basic
D:2:      layout_basic, grunt_temple_overflow_diamond
D:3:      layout_basic, okawaru_altar_gauntlet_db,
          chequers_temple_overflow_statue_of_worship, uniq_natasha

Skill      XL: |  1  2  3  4 |
---------------+-------------+-----
Dodging        | 3 |  3.7
Polearms       | 4 |  4.6
Fighting       | |  4.6
Stealth        | |  0.2

Action                   |  1- 3 |  4- 6 || total
-------------------------+-------+-------++-------
Melee: Spear             |   158 |   151 ||   309
Throw: Stone             |     1 |       ||     1
Invok: Trog's Hand       |       |     2 ||     2
       Berserk           |       |     1 ||     1
  Use: Scroll            |     1 |       ||     1
       Potion            |     1 |     1 ||     2
Armor: Animal skin       |    44 |    25 ||    69
Dodge: Dodged            |    98 |    62 ||   160
